 Dungeon Crawl Stone Soup version 0.28.0-43-g3370ac3207 (webtiles) character file.

Game seed: 6901914919428036114

17160 protoss039 the Thaumaturge (level 12, -1/70 HPs)
             Began as a Deep Elf Earth Elementalist on Mar 3, 2022.
             Was an Elder of Sif Muna.
             Killed from afar by an electric eel (8 damage)
             ... with a bolt of electricity
             ... on level 12 of the Dungeon.
             The game lasted 00:45:53 (15380 turns).

protoss039 the Thaumaturge (DEEE)                  Turns: 15380, Time: 00:45:54

Health: -1/70      AC:  7    Str:  5    XL:     12   Next: 16%
Magic:  20/40      EV: 12    Int: 26    God:    Sif Muna [****..]
Gold:   512        SH:  5    Dex: 15    Spells: 14/37 levels left

rFire   . . .      SeeInvis +   l - +2 dagger (venom)
rCold   . . .      Faith    .   v - +0 buckler
rNeg    . . .      Spirit   .   I - +0 steam dragon scales
rPois   .          Reflect  .   z - +1 hat
rElec   .          Harm     .   E - +0 cloak
rCorr   .          Rampage  .   (no gloves)
Will    +....                   (no boots)
Stlth   ++........              t - amulet of magic regeneration
HPRegen 0.21/turn               x - ring of see invisible
MPRegen 0.67/turn               N - ring of magical power

@: slowed, very slow
A: no striking features
a: Renounce Religion, Channel Magic, Forget Spell, Divine Exegesis


You were on level 12 of the Dungeon.
You worshipped Sif Muna.
Sif Muna was greatly pleased with you.
You visited 2 branches of the dungeon, and saw 13 of its levels.
You also visited: Ossuary.

You collected 592 gold pieces.
You spent 80 gold pieces at shops.

Inventory:

Hand Weapons
 l - a +2 dagger of venom (weapon)
 R - a +2 dagger of freezing
Missiles
 c - 129 stones
 h - 2 throwing nets
Armour
 v - a +0 buckler (worn)
 z - a +1 hat (worn)
 E - a +0 cloak (worn)
 I - +0 steam dragon scales (worn)
 M - +0 acid dragon scales
Jewellery
 q - a +4 ring of protection
 r - a ring of ice
 t - an amulet of magic regeneration (around neck)
 x - a ring of see invisible (left hand)
 L - a +4 ring of protection
 N - a ring of magical power (right hand)
Wands
 s - a wand of charming (6)
 u - a wand of flame (20)
 y - a wand of mindburst (19)
 J - a wand of polymorph (10)
Scrolls
 a - a scroll of enchant weapon {unknown}
 b - a scroll of silence {unknown}
 d - a scroll of teleportation
 f - a scroll of magic mapping {unknown}
 g - 3 scrolls of identify
 i - 3 scrolls of enchant armour {unknown}
 p - 2 scrolls of torment {unknown}
 w - 2 scrolls of blinking {unknown}
 B - a scroll of amnesia {unknown}
Potions
 e - 12 potions of curing
 j - a potion of degeneration {unknown}
 k - a potion of might {unknown}
 m - 7 potions of brilliance
 n - a potion of resistance {unknown}
 o - 3 potions of heal wounds
 A - a potion of cancellation {unknown}
 C - 3 potions of lignification {unknown}
 F - a potion of flight
 G - a potion of magic {unknown}
 H - 2 potions of berserk rage {unknown}
 Q - a potion of mutation {unknown}
Miscellaneous
 D - a phial of floods
 K - a box of beasts (inert)
 O - a box of beasts (inert)
 P - a box of beasts (inert)


   Skills:
 - Level 6.0 Fighting
 - Level 3.0 Dodging
 - Level 3.0 Stealth
 - Level 5.0 Shields
 + Level 13.2 Spellcasting
 * Level 5.6 Conjurations
 - Level 2.0 Transmutations
 - Level 2.0 Air Magic
 + Level 12.8 Earth Magic
 - Level 2.0 Poison Magic
 * Level 7.1 Invocations


You had 14 spell levels left.
You knew the following spells:

 Your Spells              Type           Power      Damage    Failure   Level
a - Sandblast             Erth           100%       2d20      1%          1
b - Passwall              Tmut/Erth      45%        N/A       1%          2
c - Stone Arrow           Conj/Erth      100%       3d13      1%          3
d - Petrify               Tmut/Erth      54%        N/A       1%          4
e - Lee's Rapid Deconstr  Erth           35%        3d19*     1%          5
f - Poisonous Vapours     Pois/Air       54%        N/A       2%          2
h - Iron Shot             Conj/Erth      30%        9d6       14%         6

Your spell library contained the following spells:

 Spells                   Type           Power      Damage    Failure   Level
 Sting                    Tmut/Pois      100%       1d8       1%          1
 Animate Armour           Summ/Erth      100%       N/A       3%          4
 Sublimation of Blood     Necr           17%        N/A       6%          2
 Ignite Poison            Fire/Tmut/Pois 24%        N/A       8%          3
 Gell's Gravitas          Tloc           17%        N/A       13%         3
 Lesser Beckoning         Tloc           17%        N/A       13%         3
 Teleport Other           Tloc           17%        N/A       13%         3
 Flame Wave               Conj/Fire      31%        2d8       13%         4
 Olgreb's Toxic Radiance  Pois           27%        N/A       19%         4
 Irradiate                Conj/Tmut      18%        3d19      24%         5
 Fireball                 Conj/Fire      15%        3d8       36%         5
 Ignition                 Fire           8%         3d5       100%        8


Dungeon Overview and Level Annotations

Branches:
Dungeon (12/15)            Temple (1/1) D:4            Lair (0/6) D:10
    Orc (0/2) D:11        Ossuary (visited)

Altars:
Ashenzari
Cheibriados
Dithmenos
Elyvilon
Fedhas
Gozag
Hepliaklqana
Kikubaaqudgha
Makhleb
Nemelex Xobeh
Okawaru
Qazlal
Ru
Sif Muna
Trog
Uskayaw
Vehumet
Wu Jian
Xom
Yredelemnul
Zin
The Shining One
Beogh

Shops:
D:1 !   D:4 !

Annotations:
D:7 exclusion: door


Message History

The blast of rock fragments hits the electric eel!
The electric eel is almost dead.
Sif Muna accepts your kill.
You feel a bit more experienced.
The electric eel shoots out a bolt of lightning at you!
The bolt of electricity hits you!
* * * LOW HITPOINT WARNING * * *
An electric eel comes into view.
Unknown command.
Unknown command.
Casting: Lee's Rapid Deconstruction (dangerous; 1% risk of failure)
Confirm with . or Enter, or press ? or * to list all spells.
Aiming: Lee's Rapid Deconstruction (dangerous; 1% risk of failure)
Press: ? - help, Dir - move target A rock wall.
The wall shatters!
The blast of rock fragments hits the electric eel!!
You kill the electric eel!
Sif Muna accepts your kill.
You hear a splash.
The electric eel shoots out a bolt of lightning at you!
The bolt of electricity hits you!
* * * LOW HITPOINT WARNING * * *
Unknown command.
Unknown command.
Casting: Lee's Rapid Deconstruction (dangerous; 1% risk of failure)
Confirm with . or Enter, or press ? or * to list all spells.
Aiming: Sandblast (safe; 1% risk of failure)
Press: ? - help, Shift-Dir - straight line, f - electric eel
Aim: an electric eel (water, almost dead, 73% to hit)
The blast of sand hits the electric eel!
You kill the electric eel!
Sif Muna accepts your kill.
Unknown command.
The electric eel shoots out a bolt of lightning at you!
The bolt of electricity misses you. The bolt of electricity hits you.
* * * LOW HITPOINT WARNING * * *
The electric eel shoots out a bolt of lightning at you!
The bolt of electricity hits you!
You die...

### ..##
#..## #
#.#.###(#
##.!.[(.#
#..#<#
#.@##
..≈.)..##
≈.≈.≈.≈
≈≈≈≈≈≈≈
≈≈≈≈≈#S
≈≈≈≈≈≈≈
≈≈≈≈ ≈≈
≈≈≈≈ ≈≈


You could see an electric eel.

Vanquished Creatures
  Josephine (D:11)
  A centaur warrior (D:11)
  The ghost of Jazqba the Grappler, a novice TrHu of Elyvilon (D:8)
  3 cyclopes (D:11)
  An ugly thing (D:11)
  A manticore (D:11)
  Joseph (D:7)
  A gargoyle (D:10)
  An unseen horror (D:11)
  An efreet (D:11)
  3 kobold demonologists (D:12)
  A komodo dragon (D:11)
  2 trolls
  2 hornets
  A ynoxinul (D:8)
  Sigmund (D:4)
  A shadow (D:5)
  2 vampires
  5 yaks
  6 wraiths
  2 wyverns
  A steam dragon (D:9)
  2 vampire mosquitoes (D:11)
  2 acid dragons (D:11)
  3 water moccasins
  5 orc warriors
  3 ice beasts
  A necrophage (D:4)
  3 ogres
  7 centaurs
  5 kobold brigands
  A phantom (D:5)
  3 elf zombies (Ossuary)
  A gnoll sergeant (D:8)
  5 scorpions
  A wyvern zombie (D:7)
  A wyvern skeleton (D:7)
  11 killer bees (D:8)
  4 wights (D:9)
  A howler monkey (D:8)
  7 electric eels
  11 centaur zombies
  3 jellies
  3 crimson imps (D:3)
  7 orc priests
  3 human zombies (Ossuary)
  3 hounds
  A centaur skeleton (D:7)
  2 gnoll shamans
  2 iguanas
  5 orc wizards
  Natasha (thrice) (D:2)
  A killer bee zombie (D:3)
  A hound skeleton (D:4)
  3 hound zombies (Ossuary)
  3 mummies (Ossuary)
  A howler monkey zombie (D:11)
  19 gnolls
  7 adders
  A white imp (D:6)
  An adder skeleton (D:4)
  5 adder zombies (Ossuary)
  2 worms
  2 dart slugs
  31 orcs
  8 endoplasms
  4 giant cockroaches
  6 goblins
  7 hobgoblins
  14 kobolds
  3 quokkas (D:1)
  10 ball pythons
  4 bats
  4 frilled lizards
  A gnoll zombie (Ossuary)
  5 goblin zombies (Ossuary)
  2 hobgoblin zombies (Ossuary)
  A jackal zombie (Ossuary)
  4 kobold zombies (Ossuary)
  2 orc zombies (Ossuary)
  A quokka zombie (Ossuary)
  7 rats
  3 rat zombies (Ossuary)
311 creatures vanquished.

Vanquished Creatures (others)
  2 plants
2 creatures vanquished.

Grand Total: 313 creatures vanquished

Notes
Turn   | Place    | Note
-------+----------+-------------------------------------------
     0 | D:1      | protoss039 the Deep Elf Earth Elementalist began the quest
                  | for the Orb.
     0 | D:1      | Reached XP level 1. HP: 10/10 MP: 6/6
   409 | D:1      | Reached XP level 2. HP: 15/15 MP: 4/8
   955 | D:1      | Found Bawaczuz's Distillery.
  1091 | D:1      | Found a faded altar of an unknown god.
  1266 | D:1      | Reached XP level 3. HP: 19/19 MP: 9/9
  1424 | D:2      | Noticed Natasha
  1450 | D:2      | Killed Natasha
  1651 | D:2      | Noticed Natasha
  1654 | D:2      | Killed Natasha
  1655 | D:2      | Reached skill level 4 in Spellcasting
  1655 | D:2      | Reached XP level 4. HP: 20/24 MP: 10/12
  1718 | D:2      | Learned a level 2 spell: Passwall
  1722 | D:2      | Learned a level 3 spell: Stone Arrow
  1870 | D:2      | Noticed Natasha
  1878 | D:2      | Killed Natasha
  2505 | D:2      | Learned a level 4 spell: Petrify
  2529 | D:3      | Noticed a scorpion
  2533 | D:3      | Killed a scorpion
  2534 | D:3      | Reached skill level 1 in Conjurations
  2534 | D:3      | Reached skill level 5 in Earth Magic
  2534 | D:3      | Reached XP level 5. HP: 28/28 MP: 5/14
  2699 | D:3      | Reached skill level 5 in Spellcasting
  2954 | D:3      | Reached XP level 6. HP: 32/32 MP: 12/16
  3441 | D:3      | Found a shimmering altar of Xom.
  3749 | D:3      | Reached skill level 6 in Spellcasting
  3972 | D:4      | Found a staircase to the Ecumenical Temple.
  3981 | D:4      | Reached XP level 7. HP: 26/36 MP: 6/19
  3991 | Temple   | Entered the Ecumenical Temple
  4495 | Temple   | Became a worshipper of Sif Muna the Loreminder
  4801 | D:4      | Found Owiatadu's Distillery.
  4805 | D:4      | Bought a potion of heal wounds for 50 gold pieces
  4805 | D:4      | Bought a potion of curing for 30 gold pieces
  4922 | D:4      | Reached skill level 7 in Spellcasting
  5240 | D:4      | Noticed Sigmund
  5248 | D:4      | Killed Sigmund
  5249 | D:4      | Reached skill level 1 in Fighting
  5249 | D:4      | Reached skill level 1 in Invocations
  5364 | D:5      | Entered Level 5 of the Dungeon
  5686 | D:5      | Reached XP level 8. HP: 43/43 MP: 14/21
  5757 | D:5      | Reached skill level 8 in Spellcasting
  5956 | D:5      | Reached * piety under Sif Muna
  6555 | D:5      | Learned a level 2 spell: Poisonous Vapours
  6613 | D:6      | Reached skill level 9 in Spellcasting
  7080 | D:6      | Found a sacrificial altar of Ru.
  7209 | D:6      | Reached skill level 1 in Poison Magic
  7381 | D:6      | Reached skill level 1 in Air Magic
  7686 | D:7      | Reached skill level 1 in Shields
  7714 | D:7      | Reached XP level 9. HP: 48/48 MP: 15/24
  7731 | D:7      | Reached skill level 10 in Spellcasting
  7810 | D:7      | Found a sand-covered staircase.
  7890 | Ossuary  | Entered an ossuary
  8106 | Ossuary  | Reached ** piety under Sif Muna
  8991 | D:7      | Reached skill level 11 in Spellcasting
  9408 | D:7      | Noticed Joseph
  9741 | D:7      | Reached *** piety under Sif Muna
  9759 | D:7      | Noticed a boulder beetle
  9885 | D:7      | Killed Joseph
  9886 | D:7      | Reached skill level 12 in Spellcasting
  9886 | D:7      | Reached XP level 10. HP: 18/56 MP: 18/28
 10538 | D:8      | Reached skill level 10 in Earth Magic
 10697 | D:8      | Found a runed translucent door.
 10703 | D:8      | Noticed Jazqba's ghost (novice TrHu)
 11079 | D:8      | Killed Jazqba's ghost
 11101 | D:8      | Got the Collected Works on Clay
 11167 | D:8      | Learned a level 5 spell: Lee's Rapid Deconstruction
 11174 | D:8      | Learned a level 6 spell: Iron Shot
 11790 | D:9      | Found a blossoming altar of Fedhas.
 11972 | D:9      | Reached **** piety under Sif Muna
 12253 | D:10     | Entered Level 10 of the Dungeon
 12304 | D:10     | Reached XP level 11. HP: 62/62 MP: 19/29
 12369 | D:10     | Found a staircase to the Lair.
 12418 | D:10     | Reached skill level 5 in Invocations
 12661 | D:10     | Found a hazy altar of Hepliaklqana.
 12661 | D:10     | Found a burning altar of Makhleb.
 12669 | D:10     | Found an ornate altar of the Wu Jian Council.
 12671 | D:10     | Found a glowing golden altar of the Shining One.
 12673 | D:10     | Found a white marble altar of Elyvilon.
 12798 | D:10     | Found a broken altar of Ashenzari.
 12849 | D:10     | Found a glowing silver altar of Zin.
 12853 | D:10     | Found an ancient bone altar of Kikubaaqudgha.
 12853 | D:10     | Found a snail-covered altar of Cheibriados.
 12860 | D:10     | Found a shadowy altar of Dithmenos.
 13398 | D:11     | Reached skill level 5 in Shields
 13429 | D:11     | Found a broken altar of Ashenzari.
 13460 | D:11     | Reached skill level 5 in Fighting
 13535 | D:11     | Noticed a centaur warrior
 13536 | D:11     | Noticed a boulder beetle
 13815 | D:11     | Noticed a boulder beetle
 14109 | D:11     | Found a staircase to the Orcish Mines.
 14146 | D:11     | Noticed a red ugly thing
 14150 | D:11     | Noticed a green ugly thing
 14151 | D:11     | Killed a red ugly thing
 14292 | D:11     | Identified the +0 buckler "Foakaxu" {rPois rN+}
 14517 | D:11     | Got Sif Muna's Collected Works on Fire
 14890 | D:11     | Noticed a boulder beetle
 14955 | D:11     | Killed a centaur warrior
 14956 | D:11     | Reached skill level 5 in Conjurations
 15226 | D:12     | Reached XP level 12. HP: 70/70 MP: 13/30
 15229 | D:12     | Reached skill level 13 in Spellcasting
 15231 | D:12     | Noticed Josephine
 15247 | D:11     | Killed Josephine
 15380 | D:12     | Killed from afar by an electric eel

Illustrated notes

Levels and vault maps discovered:
D:1:      psy_arrival_basics, layout_basic, serial_shops,
          nicolae_shop_advertising_works [nicolae_subvault_shop_adworks],
          hellmonk_ecumenical_altar_inner_sanctum, chequers_serial_rivers_room_b
D:2:      layout_loops_ring, uniq_natasha
D:3:      layout_basic, led_xom_imps, grunt_decor_junction
D:4:      layout_loops_ring, temple_statues, serial_shops, shop_statue,
          uniq_sigmund
D:5:      layout_gridville
D:6:      layout_gridville, nicolae_ru_awakened_eye, kb_lookout_dungeons_type,
          kennysheep_decorative_pillar
D:7:      minmay_slanted_spiral_squares, layout_loops_ring,
          nicolae_ossuary_entry_plus, david_defended_altar_orc, uniq_joseph
D:8:      layout_gridville, hellmonk_ghost_big_iron, minivault_22
D:9:      layout_basic, nicolae_overflow_hidden_temple
D:10:     layout_loops_corners, chequers_temple_overflow_minitemple,
          nicolae_overflow_hallway_of_the_gods, dpeg_oklobed_lair
D:11:     minmay_the_grid_octo_2x2 [minmay_the_grid_octo_fat_diamond,
          minmay_the_grid_octo_tetromino_candy, minmay_the_grid_octo_checkered,
          minmay_the_grid_octo_prize_ultimate_mussel_roller],
          layout_irregular_city, orc_0_dummy, minivault_16,
          nicolae_ashenzari_skybound
D:12:     erik_rubicon_a, layout_layer_cave, serial_bayou_crossing, uniq_snorg,
          uniq_josephine
Temple:   compressed_dpeg_triangle_lava_temple

Skill      XL: |  1  2  3  4  5  6  7  8  9 10 11 12 |
---------------+-------------------------------------+-----
Earth Magic    | 4 5 6 7 8 9 11 12 | 12.8
Dodging        | 3 |  3.0
Stealth        | 3 |  3.0
Spellcasting   | 4 5 6 7 9 12 13 | 13.2
Conjurations   | 1 2 5 |  5.6
Transmutations | 2 |  2.0
Fighting       | 1 2 3 4 6 |  6.0
Invocations    | 2 3 4 6 7 |  7.1
Poison Magic   | 1 2 |  2.0
Air Magic      | 1 2 |  2.0
Shields        | 1 3 4 5 |  5.0

Action                   |  1- 3 |  4- 6 |  7- 9 | 10-12 || total
-------------------------+-------+-------+-------+-------++-------
Melee: Unarmed           |     2 |       |       |       ||     2
       Short sword       |    62 |    46 |       |       ||   108
       Punch             |       |     1 |       |       ||     1
       Dagger            |       |     3 |    12 |     6 ||    21
 Cast: Sandblast         |    25 |    19 |    45 |    37 ||   126
       Stone Arrow       |       |    36 |   152 |   124 ||   312
       Poisonous Vapours |       |       |     3 |       ||     3
       Lee's Rapid Decon |       |       |       |    57 ||    57
       Petrify           |       |       |       |    12 ||    12
       Iron Shot         |       |       |       |     7 ||     7
       Passwall          |       |       |       |     1 ||     1
Invok: Channel Magic     |       |       |       |     1 ||     1
Evoke: Wand              |       |       |       |     6 ||     6
       Box of beasts     |       |       |       |     1 ||     1
  Use: Scroll            |       |       |     1 |     6 ||     7
       Potion            |       |       |       |     4 ||     4
 Stab: Sleeping          |     5 |     4 |       |       ||     9
Armor: Robe              |    16 |    16 |     6 |     5 ||    43
       Steam dragon scal |       |       |       |    24 ||    24
Dodge: Dodged            |    55 |    50 |    31 |    49 ||   185
Block: Buckler           |       |       |     7 |    21 ||    28
